 Dungeon Crawl Stone Soup version 0.21-a0-348-ga060c75 (webtiles) character file.

27 Amnesiac the Sneak (level 2, -2/15 HPs)
             Began as a Deep Elf Enchanter on Oct 6, 2017.
             Slain by a jackal (3 damage)
             ... on level 2 of the Dungeon.
             The game lasted 00:01:50 (546 turns).

Amnesiac the Sneak (Deep Elf Enchanter)              Turns: 546, Time: 00:01:50

Health: -2/15      AC:  2    Str:  5    XL:     2   Next: 93%
Magic:  4/8        EV: 15    Int: 19    God:
Gold:   16         SH:  0    Dex: 15    Spells: 4/7 levels left

rFire    . . .     SeeInvis .   a - +1 dagger
rCold    . . .     Gourm    .   (no shield)
rNeg     . . .     Faith    .   b - +0 robe
rPois    .         Spirit   .   (no helmet)
rElec    .         Reflect  .   (no cloak)
rCorr    .         Harm     .   (no gloves)
MR       .....     Rnd*Rage +   (no boots)
Stlth    +++.......             (no amulet)
HPRegen  0.05/turn              (no ring)
MPRegen  0.11/turn              (no ring)

@: lethally poisoned (-2 -> -5)
A: repulsion field 1, berserk 1
a: no special abilities


You were on level 2 of the Dungeon.
You were not hungry.

You visited 1 branch of the dungeon, and saw 2 of its levels.

You collected 16 gold pieces.

Inventory:

Hand Weapons
 a - a +1 dagger (weapon)
 g - a +0 spear
Armour
 b - a +0 robe (worn)
Scrolls
 f - 2 scrolls of enchant armour {!r, unknown}
Potions
 i - a potion of lignification {!q, unknown}
Books
 c - a book of Maledictions

   Spells                             Type                      Level
   a - Corona                         Hexes                        1
   b - Ensorcelled Hibernation        Hexes/Ice                    2
   c - Confuse                        Hexes                        3
   d - Tukima's Dance                 Hexes                        3
   e - Dazzling Spray                 Conjuration/Hexes            3
 h - a book of Misfortune

   Spells                             Type                      Level
   a - Confusing Touch                Hexes                        1
   b - Confuse                        Hexes                        3
   c - Gell's Gravitas                Translocation                3
   d - Petrify                        Transmutation/Earth          4
   e - Metabolic Englaciation         Hexes/Ice                    5
   f - Yara's Violent Unravelling     Hexes/Transmutation          5
Comestibles
 d - a bread ration


   Skills:
 + Level 2.5 Short Blades
 - Level 2.4 Dodging
 - Level 4.1 Stealth
 - Level 3.0 Spellcasting
 - Level 4.0 Hexes


You had 4 spell levels left.
You knew the following spells:

 Your Spells              Type           Power        Failure   Level  Hunger
a - Ensorcelled Hibernat  Hex/Ice        ##....       10%         2    ##.....
b - Corona                Hex            ###....      3%          1    None


Dungeon Overview and Level Annotations

Branches:
Dungeon (2/15)

Altars:

Annotations:
D:2 Natasha


Innate Abilities, Weirdness & Mutations

You are surrounded by a mild repulsion field. (EV +2)
You tend to lose your temper in combat.


Message History

Aiming: Corona
Press: ? - help, Shift-Dir - straight line, f - ooze
Aim: an ooze (chance to defeat MR: 56%)
The ooze is outlined in light.
The ooze barely misses you.
You hit the ooze.
The ooze is lightly wounded.
The ooze closely misses you.
Adjust (i)tems, (s)pells, or (a)bilities?
Adjust which spell? b - Ensorcelled Hibernation Adjust to which letter? a - Ensorcelled Hibernation; b - Corona You hit the ooze.
The ooze is moderately wounded.
The ooze barely misses you.
You hit the ooze but do no damage.
The ooze is moderately wounded.
The ooze hits you.
You hit the ooze.
The ooze is moderately wounded.
The ooze completely misses you.
You hit the ooze.
The ooze is heavily wounded.
The ooze hits you.
Casting: Corona
Confirm with . or Enter, or press ? or * to list all spells.
Aiming: Ensorcelled Hibernation
Press: ? - help, Shift-Dir - straight line, f/p - ooze
Aim: an ooze (moderately wounded, softly glowing, chance to defeat MR: 41%)
The ooze looks drowsy...
The helpless ooze fails to defend itself.
You impale the ooze!!
You kill the ooze!
Your Short Blades skill increases to level 2!
The adder bites you.
The jackal barks!
The jackal bites you but does no damage.
The adder bites you.
* * * LOW HITPOINT WARNING * * *
The jackal misses you. The adder bites you.
* * * LOW HITPOINT WARNING * * *
You are lethally poisoned!
The adder poisons you!
Casting: Ensorcelled Hibernation
Confirm with . or Enter, or press ? or * to list all spells.
Aiming: Ensorcelled Hibernation
Press: ? - help, Shift-Dir - straight line, f - adder
Aim: an adder (chance to defeat MR: 50%)
The adder looks drowsy...
* * * LOW HITPOINT WARNING * * *
You feel sick.
The helpless adder fails to defend itself.
You impale the adder!!
You kill the adder!
The kobold throws a stone.
The stone closely misses you.
Really quaff
e - a glowing inky potion {!q}?
It was a potion of mutation {!q}.
You feel extremely strange.
You feel a little pissed off.
You begin to radiate repulsive energy.
* * * LOW HITPOINT WARNING * * *
You feel sick.
The jackal bites you but does no damage.
The jackal bites you.
You die...

# #..# # #..# #
#..# .
########..# .
..........#
########.## #.#
####.##########
#....Kh@....$..
#.##..###.##.##
####.##..# #
...K....K#
.###.###.# #
#.# #.# #.# #(#


You could see a jackal and a kobold.

Vanquished Creatures
  An adder (D:2)
  An ooze (D:2)
  4 goblins
  2 hobgoblins (D:2)
  A kobold (D:2)
  A bat (D:2)
  3 rats (D:2)
13 creatures vanquished.

Notes
Turn   | Place    | Note
-------+----------+-------------------------------------------
     0 | D:1      | Amnesiac the Deep Elf Enchanter began the quest for the Orb.
     0 | D:1      | Reached XP level 1. HP: 10/10 MP: 6/6
     2 | D:2      | Noticed Natasha
   477 | D:2      | Reached XP level 2. HP: 15/15 MP: 8/8
   481 | D:2      | Learned a level 2 spell: Ensorcelled Hibernation
   546 | D:2      | Gained mutation: You tend to lose your temper in combat. [potion of mutation]
   546 | D:2      | Gained mutation: You are surrounded by a mild repulsion field. (EV +2) [potion of mutation]
   546 | D:2      | Slain by a jackal

Vault maps used:
D:1:      dpeg_arrival_fog
D:2:      uniq_natasha, uniq_terence

Skill      XL: |  1  2 |
---------------+-------+-----
Stealth        | 4 |  4.1
Short Blades   | 2 |  2.5
Dodging        | |  2.4
Spellcasting   | |  3.0
Hexes          | |  4.0

Action                   || total
-------------------------++-------
Melee: Dagger            ||    34
       Spear             ||    10
 Cast: Corona            ||    16
       Ensorcelled Hiber ||     2
  Use: Potion            ||     1
 Stab: Sleeping          ||     5
Armor: Robe              ||     5
Dodge: Dodged            ||    35

Table legend:
 A = Spawn XP
 B = Non-spawn XP
 C = Spawn XP percentage of total XP
 D = Spawn monster count
 E = Non-spawn monster count
 F = Spawn count percentage of total count
 G = Total turns spent on level
                    A         B        C        D         E        F      G
               +---------+---------+-------+---------+---------+-------+---------
         Total |       0 |      39 |   0.0 |       0 |      13 |   0.0 |   546
               +---------+---------+-------+---------+---------+-------+---------
           D:1 |       0 |       4 |   0.0 |       0 |       2 |   0.0 |   232
           D:2 |       0 |      35 |   0.0 |       0 |      11 |   0.0 |   314
               +---------+---------+-------+---------+---------+-------+---------
